 Dungeon Crawl Stone Soup version 0.18-a0-1654-ge73a678 (webtiles) character file.

51 MrRokkomies the Caller (level 3, -2/31 HPs)
             Began as a Demigod Summoner on Mar 30, 2016.
             Slain by a hobgoblin (4 damage)
             ... on level 2 of the Dungeon.
             The game lasted 00:08:19 (1304 turns).

MrRokkomies the Caller (Demigod Summoner)           Turns: 1304, Time: 00:08:20

Health: -2/31      AC:  4    Str: 13    XL:     3   Next: 38%
Magic:  6/8        EV: 12    Int: 19    God:
Gold:   57         SH:  0    Dex: 18    Spells: 1 memorised, 4 levels left

rFire  . . .     SeeInvis .     d - +1 short sword
rCold  . . .     Gourm    .     a - +0 robe
rNeg   . . .     Faith    .     (no shield)
rPois  .         Spirit   .     (no helmet)
rElec  .         Dismiss  .     h - +1 cloak
rCorr  .         Reflect  .     (no gloves)
SustAt +         Harm     .     (no boots)
MR     .....                    (no amulet)
Stlth  ++........               (no ring)
                                (no ring)

@: not resistant to hostile enchantments, unstealthy
A: agile 1, high mp 1, sense surroundings 1, robust 1, sustain attributes
a: no special abilities


You were on level 2 of the Dungeon.
You were not hungry.

You visited 1 branch of the dungeon, and saw 2 of its levels.

You collected 57 gold pieces.

Inventory:

Hand Weapons
 d - a +1 short sword (weapon)
 e - a +0 hunting sling
Missiles
 l - 34 stones (quivered)
Armour
 a - a +0 robe (worn)
 h - a +1 cloak (worn)
Jewellery
 j - an uncursed ring of fire
Scrolls
 i - a scroll of teleportation
Books
 b - a book of Callings

   Spells                             Type                      Level
   a - Summon Small Mammal            Summoning                    1
   b - Call Imp                       Summoning                    2
   c - Call Canine Familiar           Summoning                    3
   d - Summon Guardian Golem          Hexes/Summoning              3
   e - Summon Lightning Spire         Summoning/Air                4
   f - Summon Ice Beast               Ice/Summoning                4
Comestibles
 c - 2 bread rations


   Skills:
 * Level 2.1 Fighting
 - Level 1.7 Dodging
 - Level 1.7 Stealth
 - Level 1.7 Spellcasting
 * Level 4.1 Summonings


You had 4 spell levels left.
You knew the following spells:

 Your Spells              Type           Power        Failure   Level  Hunger
a - Summon Small Mammal   Summ           ###.         3%          1    #......


Dungeon Overview and Level Annotations

Branches:
Dungeon (2/15)


Innate Abilities, Weirdness & Mutations

You have an increased reservoir of magic (+10% MP).
Your attributes are resistant to harm.
You are agile. (Dex +2)
You passively map a small area around you.
You are robust (+10% HP).


Message History

Casting: Summon Small Mammal
Confirm with . or Enter, or press ? or * to list all spells.
The hobgoblin barely misses you.
Your quokka closely misses the hobgoblin.
The hobgoblin hits your quokka but does no damage.
Found 12 gold pieces.
Your quokka misses the hobgoblin.
Casting: Summon Small Mammal
Confirm with . or Enter, or press ? or * to list all spells.
Your quokka bites the hobgoblin.
You barely miss the hobgoblin.
The hobgoblin is lightly wounded.
Your bat hits the hobgoblin but does no damage.
Your quokka bites the hobgoblin but does no damage.
The hobgoblin barely misses you.
Your quokka closely misses the hobgoblin.
You hit the hobgoblin but do no damage.
The hobgoblin is lightly wounded.
Your bat closely misses the hobgoblin.
The hobgoblin hits you.
You die...

* #..........# , ,
#..........# * *w#
#..........# ,$ ..
#..........# * #.#.#,
########†#.# , .....
,##############.#..
#.#.#. ........<......###
*
......########..........#
,
........@...............#
*
#.......g..###.##########
#......r.b(()(..........#
#.......†))###.########.#
#.......(..........(....#
#............##.#########
,#................ ,
#.............####
####......#.....


You could see a hobgoblin, a friendly quokka and a friendly bat.

Vanquished Creatures
  3 gnolls (D:2)
  An ooze (D:1)
  A dart slug (D:1)
  A giant gecko (D:1)
  A giant cockroach (D:1)
  2 goblins
  2 hobgoblins (D:1)
  4 jackals (D:2)
  2 kobolds
  A bat (D:1)
  A rat (D:2)
19 creatures vanquished.

Notes
Turn   | Place    | Note
--------------------------------------------------------------
     0 | D:1      | MrRokkomies the Demigod Summoner began the quest for the Orb.
     0 | D:1      | Reached XP level 1. HP: 14/14 MP: 5/5
   359 | D:1      | Reached skill level 1 in Fighting
   574 | D:1      | Reached XP level 2. HP: 18/23 MP: 7/7
  1042 | D:2      | Reached skill level 4 in Summonings
  1270 | D:2      | Reached XP level 3. HP: 19/29 MP: 8/8
  1297 | D:2      | Gained mutation: You are robust (+10% HP). [potion of mutation]
  1297 | D:2      | Gained mutation: You passively map a small area around you. [potion of mutation]
  1297 | D:2      | Gained mutation: You are agile. (Dex +2) [potion of mutation]
  1304 | D:2      | Slain by a hobgoblin

Vault maps used:
D:1:      eino_arrival_cavern_a
D:2:      nicolae_overflow_crystal_walls, nicolae_overflow_hidden_temple,
          st_stairs_2

Skill      XL: |  1  2  3 |
---------------+----------+-----
Fighting       | 1 2 |  2.1
Summonings     | 4 |  4.1
Dodging        | |  1.7
Stealth        | |  1.7
Spellcasting   | |  1.7

Action                   || total
-------------------------++-------
Melee: Unarmed           ||    22
       Short sword       ||    72
 Fire: Hunting sling     ||     4
 Cast: Summon Small Mamm ||     2
  Use: Scroll            ||     4
       Potion            ||     3
 Stab: Sleeping          ||     3
       Invisible         ||     4
  Eat: Chunk             ||     1
